AoeStats
← leoking1M

Arabia

510020426Analyzed
1v1 RM · 2d ago on Sep 29, 2026· 71m 26s· 2 players
Game mode
Random Map
Map size
Tiny (2 player)
Population
200
Speed
Normal
Resources
Standard
Victory
Conquest
Starting age
Dark Age
Ending age
Imperial Age
RankedLock teamsTeams togetherTeam positionsShared explorationLock speedFull tech treeHidden civsTurbo modeCheats
Victory
Defeat
🇨🇴 Spanish · Colombia
1154
+18
🇵🇪 Bulgarians · Peru
1188
-18
JamesdoXD3
3:52 Loom
12:28 Feudal Age
12:54 Double-Bit Axe
13:49 Man-at-Arms
25:02 Castle Age
23:41 Horse Collar
24:10 Gold Mining
25:25 Bloodlines
26:06 Husbandry
41:00 Pikeman
44:53 Bow Saw
44:44 Heavy Plow
50:27 Wheelbarrow
50:11 Forging
57:01 Murder Holes
65:49 Imperial Age
64:31 Light Cavalry
66:20 Elite Skirmisher
69:16 Fletching
69:26 Padded Archer Armor
70:02 Iron Casting
69:35 Scale Barding Armor
69:38 Thumb Ring
70:55 Chemistry
70:46 Conscription
leoking1M
7:16 Loom
10:37 Feudal Age
19:36 Fletching
25:06 Castle Age
26:44 Scale Barding Armor
27:55 Chain Barding Armor
36:12 Forging
42:13 Bodkin Arrow
46:34 Scale Mail Armor
48:19 Chain Mail Armor
48:56 Iron Casting
57:35 Pikeman
62:26 Padded Archer Armor
66:16 Leather Archer Armor
71:58 Imperial Age
71:06 Bloodlines
Connection lost

Rejoining the realm…

Still unreachable

The connection could not be restored.

Session expired

The server has moved on; the page needs a fresh start.